 Dungeon Crawl Stone Soup version 0.28-a0-1518-gbe868bca14 (webtiles) character file.

Game seed: 9115504704549593310

72 knot the Chopper (level 4, 32/35 HPs)
             Began as a Demonspawn Berserker on Jan 17, 2022.
             Was a Believer of Trog.
             Quit the game on level 2 of the Dungeon.
             The game lasted 00:01:22 (1210 turns).

knot the Chopper (Demonspawn Berserker)             Turns: 1210, Time: 00:01:22

Health: 32/35      AC:  3    Str: 17    XL:     4   Next: 6%
Magic:  4/4        EV: 12    Int: 11    God:    Trog [**....]
Gold:   29         SH:  0    Dex: 12    Spells: 3/3 levels left

rFire   . . .      SeeInvis .   k - +1 hand axe (venom)
rCold   . . .      Faith    .   (no shield)
rNeg    . . .      Spirit   .   b - +0 animal skin
rPois   .          Reflect  .   (no helmet)
rElec   .          Harm     .   h - +0 cloak
rCorr   .          Rampage  .   (no gloves)
Will    .....                   (no boots)
Stlth   +.........              (no amulet)
HPRegen 1.11/turn               (no ring)
MPRegen 0.09/turn               (no ring)

@: no status effects
A: claws 1, powered by death 2
a: Renounce Religion, Berserk, Trog's Hand


You were on level 2 of the Dungeon.
You worshipped Trog.
Trog was pleased with you.
You visited 1 branch of the dungeon, and saw 2 of its levels.

You collected 29 gold pieces.

Inventory:

Hand Weapons
 a - a +0 hand axe
 k - a +1 hand axe of venom (weapon)
Missiles
 c - 52 stones (quivered)
Armour
 b - a +0 animal skin (worn)
 d - a +1 kite shield of fire resistance
 h - a +0 cloak (worn)
Jewellery
 e - a ring of ice
 j - an amulet of regeneration
Scrolls
 f - a scroll of fear {unknown}
 g - a scroll of holy word {unknown}
 n - a scroll of amnesia {unknown}
Potions
 i - a potion of brilliance {unknown}
 l - a potion of might {unknown}
 m - a potion of haste {unknown}
 o - a potion of degeneration {unknown}
 p - a potion of lignification {unknown}


   Skills:
 - Level 3.0 Fighting
 + Level 4.5 Axes
 - Level 1.7 Armour
 - Level 1.7 Dodging


You had 3 spell levels left.
You didn't know any spells.
Your spell library was empty.

Dungeon Overview and Level Annotations

Branches:
Dungeon (2/15)

Altars:
Kikubaaqudgha


Innate Abilities, Weirdness & Mutations

You have sharp fingernails.
You regenerate health from kills.


Message History

Found an escape hatch in the ceiling.
No target in view!
Found an ancient bone altar of Kikubaaqudgha.
No target in view!
No target in view!
No target in view!
No target in view!
o - a golden potion
p - a cyan potion No target in view!
No target in view!
No target in view!
No target in view!
You now have 29 gold pieces (gained 5).
Terence the Incautious comes into view.
He is wielding a +0 trident.
Terence shouts!
Found 7 gold pieces.
Terence is nearby!
Terence hits you but does no damage.
You hit Terence.
Terence is moderately wounded.
Terence hits you with a +0 trident.
You completely miss Terence.
Terence is moderately wounded.
Terence hits you with a +0 trident.
You hit Terence.
Terence is poisoned.
Terence is heavily wounded.
Terence barely misses you.
You hit Terence.
Terence is almost dead.
Terence barely misses you.
You hit Terence.
You kill Terence!
Trog accepts your kill.
You have reached level 4!
You feel clever.
You feel monstrous as your demonic heritage exerts itself.
Your demonic ancestry asserts itself...
Your fingernails lengthen.
Are you sure you want to abandon this character and quit the game? (Confirm with "yes".)

## #### #...
..# #.# ... ..
#.# #.# ## #.#
#.# .#
#######.#######
#.# .##
..$...)@......#
#.# ..####.
#######.#####.#
#.# †......
#.#####.# #.#
#.######..
#.#.....###.##
# #..
#............#
#..
.....####....#
#.# #....
#....# #.# #
#.#.. #.#.##
#.#
#.#.#..####.#.#


There were no monsters in sight!

Vanquished Creatures
  Terence (D:2)
  An adder (D:2)
  A dart slug (D:1)
  2 ball pythons
  2 endoplasms
  3 goblins
  9 hobgoblins
  2 jackals (D:1)
  A quokka (D:2)
  3 bats
  A frilled lizard (D:2)
  5 kobolds
  4 rats
35 creatures vanquished.

Notes
Turn   | Place    | Note
-------+----------+-------------------------------------------
     0 | D:1      | knot the Demonspawn Berserker began the quest for the Orb.
     0 | D:1      | Reached XP level 1. HP: 18/18 MP: 1/1
    47 | D:1      | Reached skill level 3 in Axes
   134 | D:1      | Gained mutation: You regenerate a little health from kills.
                  | [demonic ancestry]
   134 | D:1      | Reached XP level 2. HP: 19/24 MP: 2/2
   741 | D:2      | Reached ** piety under Trog
   742 | D:2      | Reached skill level 4 in Axes
   742 | D:2      | Gained mutation: You regenerate health from kills. [demonic
                  | ancestry]
   742 | D:2      | Reached XP level 3. HP: 20/29 MP: 3/3
  1170 | D:2      | Found an ancient bone altar of Kikubaaqudgha.
  1201 | D:2      | Noticed Terence
  1209 | D:2      | Killed Terence
  1210 | D:2      | Discovered your monstrous ancestry.
  1210 | D:2      | Gained mutation: You have sharp fingernails. [demonic
                  | ancestry]
  1210 | D:2      | Reached XP level 4. HP: 32/35 MP: 4/4
  1210 | D:2      | Quit the game

Illustrated notes

Levels and vault maps discovered:
D:1:      co_arrival_hall_of_pillars, layout_basic
D:2:      layout_loops_ring, basic_altar, uniq_terence

Skill      XL: |  1  2 |
---------------+-------+-----
Axes           | 3 4 |  4.5
Fighting       | |  3.0
Armour         | |  1.7
Dodging        | |  1.7

Action                   |  1- 3 |  4- 6 || total
-------------------------+-------+-------++-------
Melee: Hand axe          |    77 |       ||    77
       Punch             |     1 |       ||     1
Invok: Berserk           |     2 |       ||     2
Armor: Animal skin       |    20 |       ||    20
Dodge: Dodged            |    53 |       ||    53

Table legend: (Time is in decaauts)
 A = Elapsed time spent in this place.
 B = Non-inter-level travel time spent in this place.
 C = Inter-level travel time spent in this place.
 D = Time resting spent in this place.
 E = Time spent auto-exploring this place.
 F = Levels seen in this place.
 G = Mean time per level.
                   A        B        C        D        E       F      G
               +--------+--------+--------+--------+--------+-----+--------+
         Total |   1234 |   1216 |     18 |    268 |    710 |   2 |  617.0 |
       Dungeon |   1234 |   1216 |     18 |    268 |    710 |   2 |  617.0 |
               +--------+--------+--------+--------+--------+-----+--------+

Top non-repeatable levels by time:
     D:1: 628 daAuts
     D:2: 606 daAuts
